 Dungeon Crawl Stone Soup version 0.31-a0-233-g139696dc86 (webtiles) character file.

Game seed: 2037729878788695232

723 qw the Skirmisher (level 7, -10/60 HPs)
             Began as a Minotaur Hexslinger on July 7, 2023.
             Mangled by Pikel
             ... wielding a +2 whip of electrocution
              (17 damage)
             ... on level 5 of the Dungeon.
             The game lasted 00:01:35 (3999 turns).

qw the Skirmisher (Minotaur Hexslinger)             Turns: 3999, Time: 00:01:36

Health: -10/60     AC:  6    Str: 19    XL:     7   Next: 43%
Magic:  7/7        EV: 11    Int: 10    God:
Gold:   148        SH:  0    Dex: 14    Spells: 7/8 levels left

rFire   . . .        o - +0 orcbow
rCold   . . .        (shield currently unavailable)
rNeg    . . .        f - +0 ring mail
rPois   +            (helmet restricted)
rElec   .            (no cloak)
rCorr   .            (no gloves)
SInv    .            g - +0 pair of boots
Will    .....        (no amulet)
Stlth   +            n - ring of poison resistance
HPRegen 0.30/turn    d - +6 ring of strength
MPRegen 0.10/turn

%: no passive effects
@: about to teleport
A: horns 2, retaliatory headbutt
a: no special abilities


You were on level 5 of the Dungeon.
You visited 1 branch of the dungeon, and saw 5 of its levels.

You collected 148 gold pieces.


Innate Abilities, Weirdness & Mutations

You have a pair of horns on your head.
You reflexively headbutt those who attack you in melee.


   Skills:
 + Level 4.8 Fighting
 - Level 8.1 Ranged Weapons
 - Level 1.0 Armour
 - Level 2.1 Dodging
 - Level 1.0 Spellcasting
 - Level 2.0 Hexes


You had 7 spell levels left.
You knew the following spells:

 Your Spells              Type           Power      Damage    Failure   Level
a - Slow                  Hex            16%        N/A       26%         1

Your spell library contained the following spells:

 Spells                   Type           Power      Damage    Failure   Level
 Inner Flame              Hex/Fire       2%         N/A       75%         3
 Portal Projectile        Hex/Tloc       4%         N/A       75%         3
 Cause Fear               Hex            2%         N/A       95%         4

Inventory:

Hand Weapons
 o - a +0 orcbow (weapon)
Armour
 f - a +0 ring mail (worn)
 g - a +0 pair of boots (worn)
Jewellery
 d - a +6 ring of strength (right hand)
 e - a ring of see invisible
 k - a ring of resist corrosion
 n - a ring of poison resistance (left hand)
Scrolls
 j - a scroll of identify
Potions
 a - a potion of magic {unknown}
 b - a potion of brilliance {unknown}
 c - a potion of berserk rage {unknown}
 h - a potion of curing
 i - a potion of might {unknown}
 m - a potion of heal wounds {unknown}

Dungeon Overview and Level Annotations

Branches:
Dungeon (5/15)
 Temple: D:4-7

Altars:
Gozag
Makhleb
Xom
Zin

Annotations:
D:4 2 transporters, qw's ghost, amateur GrHs
D:5 Pikel


Message History

Pikel closely misses you.
You shoot an arrow. The arrow closely misses Pikel.
The arrow barely misses the gnoll.
The arrow misses the lemure.
The arrow hits the lemure!
The lemure is moderately wounded.
Pikel hits you with a +2 whip of electrocution.
You are electrocuted!
You shoot an arrow. The arrow closely misses Pikel.
The arrow hits the gnoll but does no damage.
The gnoll is lightly wounded.
You hear a shout!
A gnoll comes into view.
It is wielding a +0 whip of electrocution.
A gnoll sergeant comes into view. It is wielding a +0 spear.
Pikel completely misses you. You furiously retaliate!
You headbutt Pikel!
The gnoll sergeant shouts!
You shoot an arrow.
The arrow hits Pikel but does no damage.
Pikel is heavily wounded.
You hear a shout!
An orc comes into view. It is wielding a +0 mace.
Pikel hits you with a +2 whip of electrocution!
You shoot an arrow. The arrow hits Pikel.
Pikel is heavily wounded.
Pikel says, "You'll rot in Tartarus!"
Pikel barely misses you.
A gnoll comes into view. It is wielding a +0 spear.
Pikel hits you with a +2 whip of electrocution!
You are electrocuted!
An orc comes into view. It is wielding a +0 flail.
3998 ||| READING scroll of teleportation.
As you read the scroll of teleportation, it crumbles to dust.
You feel strangely unstable.
Pikel says, "I just want to get paid!"
Pikel hits you with a +2 whip of electrocution.
You shoot an arrow. The arrow closely misses Pikel.
The arrow closely misses the gnoll.
The arrow hits the lemure but does no damage.
You hear a shout! x2
Pikel hits you but does no damage.
You are electrocuted!
You die...

#.# #.# #.# #.# #.# #.#
#..####.####
.).55gK@...#
...o#5####.#############
. go ####..............


.gg #.....###########. ..# #.##..# #. . # #..# #. .... #. ...... #######.
....... #.....#. You could see Pikel, 3 lemures, a gnoll sergeant, 3 gnolls and
2 orcs.

Vanquished Creatures
  A water moccasin (D:5)
  A centaur (D:5)
  2 scorpions
  2 hounds (D:5)
  Natasha (thrice) (D:3)
  Terence (D:3)
  3 iguanas (D:4)
  8 adders
  3 gnolls (D:3)
  2 ufetubi (D:4)
  2 dart slugs (D:3)
  2 ball pythons
  7 bats
  10 endoplasms
  A giant cockroach (D:3)
  10 goblins
  6 hobgoblins
  6 jackals
  10 kobolds
  6 quokkas
  2 frilled lizards
  3 rats
91 creatures vanquished.

Vanquished Creatures (others)
  An iguana (D:4)
  An adder (D:4)
  A hobgoblin (D:4)
  A ball python (D:4)
4 creatures vanquished.

Grand Total: 95 creatures vanquished

Notes
Turn   | Place    | Note
-------+----------+-------------------------------------------
     0 | D:1      | qw the Minotaur Hexslinger began the quest for the Orb.
     0 | D:1      | Reached XP level 1. HP: 16/16 MP: 1/1
     0 | D:1      | 0 ||| qw: Version: 0.3-a-46-gb1f654a
     0 | D:1      | 0 ||| qw: Game counter: 3303
     0 | D:1      | 0 ||| qw: Melee chars always use a shield: true
     0 | D:1      | 0 ||| qw: God list: Okawaru
     0 | D:1      | 0 ||| qw: Allow faded altars: false
     0 | D:1      | 0 ||| qw: Do Orc after clearing Dungeon:15 true
     0 | D:1      | 0 ||| qw: Do second Lair branch before Depths: true
     0 | D:1      | 0 ||| qw: Lair rune preference: random
     0 | D:1      | 0 ||| qw: Goals: Normal
     0 | D:1      | 0 ||| PLANNING D:1-11
   155 | D:1      | Reached skill level 3 in Ranged Weapons
   155 | D:1      | Reached XP level 2. HP: 23/23 MP: 2/2
   467 | D:1      | Reached XP level 3. HP: 29/29 MP: 3/3
   864 | D:1      | 864 ||| UPGRADING to +0 leather armour.
   874 | D:1      | 874 ||| DROPPING +0 robe.
   875 | D:1      | 875 ||| UPGRADING to +0 ring mail.
   885 | D:1      | 885 ||| DROPPING +0 leather armour.
   886 | D:1      | 886 ||| UPGRADING to +0 pair of boots.
   891 | D:1      | 891 ||| DROPPING +6 ring of intelligence.
   892 | D:1      | 892 ||| READING scroll labelled VYTSOGH LUFA.
   893 | D:1      | 893 ||| DROPPING scroll of poison.
   945 | D:2      | Reached skill level 4 in Ranged Weapons
  1213 | D:2      | Reached skill level 1 in Armour
  1597 | D:2      | 1597 ||| UPGRADING to ring of resist corrosion.
  1598 | D:2      | 1598 ||| READING scroll labelled FOBLUN YSHI.
  1601 | D:2      | 1601 ||| READING scroll labelled AMACUX TOHANIO.
  1602 | D:2      | 1602 ||| DRINKING 2 silvery potions.
  1633 | D:3      | Noticed Natasha
  1638 | D:3      | Killed Natasha
  1639 | D:3      | Reached XP level 4. HP: 36/36 MP: 4/4
  1682 | D:3      | Noticed Terence
  1706 | D:3      | Killed Terence
  1707 | D:3      | Reached skill level 5 in Ranged Weapons
  2058 | D:3      | Found a glowing silver altar of Zin.
  2058 | D:3      | Noticed an angel
  2265 | D:3      | Noticed Natasha
  2274 | D:3      | Reached skill level 3 in Fighting
  2274 | D:3      | Reached XP level 5. HP: 43/45 MP: 5/5
  2295 | D:3      | Killed Natasha
  2352 | D:3      | 2352 ||| FLEEEEING.
  2530 | D:3      | Noticed Natasha
  2536 | D:3      | Killed Natasha
  2654 | D:3      | 2654 ||| UPGRADING to +6 ring of strength.
  2655 | D:3      | 2655 ||| READING scroll labelled RUJUON YSHOER.
  2718 | D:4      | Found a transporter.
  2740 | D:4      | Reached skill level 6 in Ranged Weapons
  2754 | D:4      | Found a transporter.
  2757 | D:4      | Noticed qw's ghost (amateur GrHs)
  2867 | D:4      | Found a shimmering altar of Xom.
  2873 | D:4      | Reached XP level 6. HP: 52/52 MP: 6/6
  3013 | D:4      | Found an opulent altar of Gozag.
  3674 | D:4      | 3674 ||| UPGRADING to ring of poison resistance.
  3676 | D:4      | 3676 ||| READING scroll labelled CAL ZOQUGIL.
  3686 | D:5      | Entered Level 5 of the Dungeon
  3696 | D:5      | Reached skill level 7 in Ranged Weapons
  3724 | D:5      | Noticed a water moccasin
  3731 | D:5      | Killed a water moccasin
  3732 | D:5      | Reached XP level 7. HP: 50/59 MP: 7/7
  3764 | D:5      | Found a burning altar of Makhleb.
  3781 | D:5      | Reached skill level 8 in Ranged Weapons
  3937 | D:5      | 3937 ||| SWAPPING to +0 orcbow.
  3938 | D:5      | 3938 ||| DROPPING +1 sling.
  3987 | D:5      | Noticed Pikel
  3997 | D:5      | HP: 11/60 [Pikel/+2 whip of electrocution (15)]
  3998 | D:5      | 3998 ||| READING scroll of teleportation.
  3999 | D:5      | Mangled by Pikel

Levels and vault maps discovered:
D:1:      ebering_hopf_link, layout_loops_corners,
          hangedman_decor_diamond_cutter
D:2:      layout_loops_ring
D:3:      layout_loops_ring, zin_angel, mrwooster_statue_mirror,
          nicolae_grassy_gnolls, uniq_terence, uniq_natasha
D:4:      layout_cave_pods, xom_confusion_cloud,
          mainiacjoe_overflow_six_doors_small, gammafunk_ghost_mausoleum,
          item_on_display_b
D:5:      layout_loops_cross, mainiacjoe_overflow_small_starburst,
          minmay_misc_feat_secret_circle, uniq_pikel, uniq_ijyb

Skill      XL: |  1  2  3  4  5  6  7 |
---------------+----------------------+-----
Ranged Weapons | 3 4 5 6 7 8 |  8.1
Fighting       | 2 3 4 |  4.8
Armour         | 1 |  1.0
Dodging        | |  2.1
Spellcasting   | |  1.0
Hexes          | |  2.0

Action                     |  1- 3 |  4- 6 |  7- 9 || total
---------------------------+-------+-------+-------++-------
   Fire: Sling             |   118 |   248 |    27 ||   393
         Orcbow            |       |       |    17 ||    17
    Use: Scroll            |     3 |     2 |     1 ||     6
         Potion            |     1 |       |       ||     1
 Armour: Robe              |     7 |       |       ||     7
         Ring mail         |     5 |    94 |    12 ||   111
  Dodge: Dodged            |    39 |    99 |    18 ||   156

Table legend:
 A = Non-vault XP
 B = Vault XP
 C = Vault XP percentage of total XP
 D = Non-vault monster count
 E = Vault monster count
 F = Vault count percentage of total count
                 A         B        C        D         E       F
            +---------+---------+-------+---------+---------+-------
      Total |     835 |     199 |  19.2 |      80 |      12 |  13.0
            +---------+---------+-------+---------+---------+-------
        D:1 |      49 |       0 |   0.0 |      28 |       0 |   0.0
        D:2 |      29 |       0 |   0.0 |      10 |       0 |   0.0
        D:3 |     119 |     115 |  49.1 |      21 |       5 |  19.2
        D:4 |     175 |      84 |  32.4 |      13 |       7 |  35.0
        D:5 |     463 |       0 |   0.0 |       8 |       0 |   0.0
            +---------+---------+-------+---------+---------+-------
